 Dungeon Crawl Stone Soup version 0.29.0 (webtiles) character file.

Game seed: 76812110829189762

1 brinewave the Stinger (level 1, 0/15 HPs)
             Began as a Naga Venom Mage on Sept 10, 2022.
             Slain by a quokka (4 damage)
             ... on level 1 of the Dungeon.
             The game lasted 00:00:58 (106 turns).

brinewave the Stinger (Naga Venom Mage)              Turns: 106, Time: 00:00:58

Health: 0/15       AC:  1    Str: 10    XL:     1   Next: 20%
Magic:  2/3        EV:  9    Int: 15    God:
Gold:   13         SH:  0    Dex: 11    Spells: 3/4 levels left

rFire   . . .      SeeInvis +   (no weapon)
rCold   . . .      Faith    .   (no shield)
rNeg    . . .      Spirit   .   a - +0 robe
rPois   +          Reflect  .   (no helmet)
rElec   .          Harm     .   (no cloak)
rCorr   .          Rampage  .   (no gloves)
Will    .....                   (no barding)
Stlth   ++........              (no amulet)
HPRegen 0.05/turn               (no ring)
MPRegen 0.08/turn               (no ring)

@: very slow
A: AC +0, large, see invisible, deformed body, poison resistance, slowness 2,
spit poison 1, naga tail 1
a: Spit Poison


You were on level 1 of the Dungeon.
You visited 1 branch of the dungeon, and saw 1 of its levels.

You collected 13 gold pieces.

Inventory:

Missiles
 d - a stone
Armour
 a - a +0 robe (worn)
Scrolls
 f - a scroll of blinking {unknown}
Potions
 b - a potion of magic
 c - a potion of berserk rage {unknown}
 e - a potion of attraction {unknown}


   Skills:
 - Level 1.5 Dodging
 - Level 3.0 Stealth
 + Level 2.0 Spellcasting
 + Level 1.0 Transmutations
 + Level 4.0 Poison Magic


You had 3 spell levels left.
You knew the following spells:

 Your Spells              Type           Power      Damage    Failure   Level
a - Sting                 Tmut/Pois      36%        1d4       8%          1

Your spell library contained the following spells:

 Spells                   Type           Power      Damage    Failure   Level
 Poisonous Vapours        Pois/Air       14%        N/A       14%         2
 Mephitic Cloud           Conj/Pois/Air  5%         N/A       36%         3
 Olgreb's Toxic Radiance  Pois           13%        N/A       38%         4


Dungeon Overview and Level Annotations

Branches:
Dungeon (1/15)

Altars:


Innate Abilities, Weirdness & Mutations

Your serpentine skin is tough. (AC +0)
You have supernaturally acute eyesight. (SInv)
Armour fits poorly on your strangely shaped body.
Your system is resistant to poisons. (rPois)
You cover ground very slowly.
You can spit poison.
You have a snake-like lower body.


Message History

Magic restored.
A quokka comes into view.
Found 3 gold pieces.
A quokka is nearby!
You start resting.
HP restored.
Really slither into a travel-excluded area?
Found a scale mail.
The helpless quokka fails to defend itself.
You hit the quokka.
The quokka is lightly wounded.
The quokka barely misses you.
Aiming: Sting (safe; 8% risk of failure)
Press: ? - help, Q - select action, (/) - cycle Shift-Dir - straight line, f - quokka
Aim: a quokka (lightly wounded, 56% to hit)
The sting hits the quokka.
The quokka is poisoned.
The quokka is moderately wounded.
The quokka bites you.
Aiming: Sting (safe; 8% risk of failure)
Press: ? - help, Q - select action, (/) - cycle Shift-Dir - straight line, f/p - quokka
Aim: a quokka (moderately wounded, poisoned, 56% to hit)
You miscast Sting.
You are very lightly contaminated with residual magic.
Nothing appears to happen.
The quokka barely misses you. The quokka completely misses you.
The quokka attacks as you move away! The quokka barely misses you.
The quokka bites you. The quokka closely misses you.
The quokka attacks as you move away! The quokka barely misses you.
The quokka looks more healthy.
The quokka bites you but does no damage.
Your magical contamination has completely faded away.
The quokka bites you. The quokka attacks as you move away!
The quokka bites you.
* * * LOW HITPOINT WARNING * * *
You enter the shallow water.
Moving in this stuff is going to be slow.
The quokka bites you.
You die...

# #.?.~≈≈§≈≈≈≈~..
#.###...≈≈≈≈≈≈§≈≈~..
#[....~≈≈≈≈§≈≈≈≈~~~.
#.##...§~~≈≈≈≈≈~~...
##...§§~≈≈~~.....
#$.....≈≈~......
###.......≈~^.....
#.........~.......
#.#......r@.......
#.##########..#.## .
...# .. .... ###


You could see a quokka.

Vanquished Creatures
  A ball python (D:1)
1 creature vanquished.

Notes
Turn   | Place    | Note
-------+----------+-------------------------------------------
     0 | D:1      | brinewave the Naga Venom Mage began the quest for the Orb.
     0 | D:1      | Reached XP level 1. HP: 15/15 MP: 3/3
   106 | D:1      | Slain by a quokka

Illustrated notes

Levels and vault maps discovered:
D:1:      grunt_arrival_lava_bath, layout_loops_ring,
          shapermc_ecumenical_altar_totnotflames, lemuel_old_faithful

Action                   || total
-------------------------++-------
Melee: Unarmed           ||     1
 Cast: Sting             ||     2
 Stab: Sleeping          ||     1
Armor: Robe              ||     1
Dodge: Dodged            ||     7
